 Dungeon Sprint DCSS version 0.31-a0-702-gf82c85558f (webtiles) character file.

Game seed: 559140381001025291

2006 sircluck the Grappler (level 9, -4/153 HPs)
             Began as a Troll Berserker on Sept 8, 2023.
             Was a High Priest of Trog.
             Slain by a sky beast (6 damage)
             ... in the Dungeon (Sprint VII: "The Pits").
             The game lasted 00:01:19 (390 turns).

sircluck the Grappler (Troll Berserker)              Turns: 390, Time: 00:01:19

Health: -4/153     AC:  4    Str: 31    XL:     9   Next: 2%
Magic:  8/8        EV: 12    Int:  3    God:    Trog [*****.]
Gold:   0          SH:  0    Dex:  9    Spells: 8/8 levels left

rFire   . .          .
                       - Unarmed
rCold   . . .        (no shield)
rNeg    . . .        a - +0 animal skin
rPois   .            (helmet restricted)
rElec   .            (no cloak)
rCorr   .            (gloves unavailable)
SInv    .            (boots unavailable)
Will    .....        (no amulet) Stlth
                     (no ring)
HPRegen 1.25/turn    (no ring)
MPRegen 0.11/turn

%: no teleportation
@: berserking, very quick
A: large, unfitting armour, claws 3, regeneration 1, shaggy fur 1, tough skin 1
a: Renounce Religion, Berserk, Trog's Hand, Brothers in Arms


You were in the Dungeon.
You worshipped Trog.
Trog was extremely pleased with you.
You visited 1 branch

Inventory:

Armour
 a - a +0 animal skin (worn)
Scrolls
 g - a scroll of blinking
 i - 2 scrolls of vulnerability
 j - a scroll of butterflies
Potions
 b - 6 potions of curing
 c - 3 potions of heal wounds
 d - a potion of haste
 e - 4 potions of magic
 f - 3 potions of berserk rage
 h - 2 potions of invisibility


   Skills:
 + Level 10.4 Fighting
 + Level 10.2 Dodging
 + Level 12.1 Unarmed Combat


You had 8 spell levels left.
You didn't know any spells.
Your spell library was empty.

Dungeon Overview and Level Annotations

Branches:
Dungeon (1/1)

Altars:
Cheibriados
Dithmenos
Elyvilon
Fedhas
Gozag
Hepliaklqana
Makhleb
Nemelex Xobeh
Okawaru
Qazlal
Ru
Sif Muna
Trog
Wu Jian
Xom
Yredelemnul
Zin
The Shining One
Jiyva


Innate Abilities, Weirdness & Mutations

You are too large for most types of armour.
You have claws for hands.
Your natural rate of healing is unusually fast.
You are covered in fur. (AC +1)
You have tough skin. (AC +1)


Message History

The sky beast shocks you.
* * * LOW HITPOINT WARNING * * *
The boulder beetle closely misses you.
A red film seems to cover your vision as you go berserk!
You feel yourself moving faster!
You feel mighty! The sky beast misses you. The boulder beetle bites you!
* * * LOW HITPOINT WARNING * * *
You scratch the boulder beetle but do no damage.
The boulder beetle is moderately wounded.
You claw the boulder beetle!
The boulder beetle is heavily wounded.
The sky beast closely misses you. The boulder beetle bites you!!
* * * LOW HITPOINT WARNING * * *
You claw the boulder beetle!
The boulder beetle is severely wounded.
You scratch the boulder beetle but do no damage.
You claw the boulder beetle!
The boulder beetle is almost dead.
The sky beast closely misses you. The boulder beetle bites you.
* * * LOW HITPOINT WARNING * * *
You claw the boulder beetle!
You feel the power of Trog in you as your rage grows.
You kill the boulder beetle!
Trog accepts your kill. Trog grants you a weapon!
Something appears at your feet!
You see here a +1 antimagic lajatang.
Your Fighting skill increases to level 10!
Your Dodging skill increases to level 10!
Your Unarmed Combat skill increases to level 12!
You have reached level 9!
Your experience leads to an increase in your attributes!
Increase (S)trength, (I)ntelligence, or (D)exterity?
You feel stronger. x3
Unknown command.
You completely miss the sky beast.
The sky beast flickers out of sight!
Deactivating autopickup; reactivate with Ctrl-A.
Something hits you.
* * * LOW HITPOINT WARNING * * *
Something shocks you.
You die...

#.##'#..)..##...<...#
#.#........##.......#
#.#........##.......#
#'###########.......#
#...)...#..##########
#.###...#.######
#.#.....#)#....#
#.#...#.#'#....#
#.....#.#.@....+
#...###.#'#{...#
#......)).#....#
################


There were no monsters in sight!

Vanquished Creatures
  A boulder beetle (D)
  A guardian serpent (D)
  Grinder (D)
  A snapping turtle (D)
  Menkaure (D)
  2 floating eyes (D)
  A wolf (D)
  2 ogres (D)
  A scorpion (D)
  A jelly (D)
  An orc priest (D)
  Terence (D)
  An iguana (D)
  An adder skeleton (D)
  2 bats (D)
  A bat skeleton (D)
  An endoplasm (D)
  A giant cockroach (D)
  3 jackals (D)
  A frilled lizard (D)
25 creatures vanquished.

Notes
Turn   | Place    | Note
-------+----------+-------------------------------------------
     0 | D        | sircluck the Troll Berserker began the quest for the Orb.
     0 | D        | Reached XP level 1. HP: 22/22 MP: 0/0
    45 | D        | Reached ** piety under Trog
    73 | D        | Found a bloodstained altar of Trog.
    73 | D        | Found a shimmering blue altar of Sif Muna.
    73 | D        | Found a viscous altar of Jiyva.
    73 | D        | Found a hazy altar of Hepliaklqana.
    73 | D        | Found an opulent altar of Gozag.
    74 | D        | Found a glowing golden altar of the Shining One.
    74 | D        | Found a glowing silver altar of Zin.
    74 | D        | Found a basalt altar of Yredelemnul.
    74 | D        | Found a shimmering altar of Xom.
    74 | D        | Found an ornate altar of the Wu Jian Council.
    74 | D        | Found a sacrificial altar of Ru.
    74 | D        | Found a stormy altar of Qazlal.
    74 | D        | Found an iron altar of Okawaru.
    74 | D        | Found a sparkling altar of Nemelex Xobeh.
    74 | D        | Found a burning altar of Makhleb.
    74 | D        | Found a blossoming altar of Fedhas.
    74 | D        | Found a white marble altar of Elyvilon.
    74 | D        | Found a shadowy altar of Dithmenos.
    74 | D        | Found a snail-covered altar of Cheibriados.
    79 | D        | Noticed a scorpion
    82 | D        | Killed a scorpion
    83 | D        | Reached skill level 5 in Unarmed Combat
    83 | D        | Reached XP level 2. HP: 26/33 MP: 1/1
    83 | D        | Reached XP level 3. HP: 32/40 MP: 2/2
    83 | D        | Reached XP level 4. HP: 39/49 MP: 3/3
   101 | D        | Reached *** piety under Trog
   104 | D        | Noticed a floating eye
   106 | D        | Noticed Terence
   109 | D        | Killed a floating eye
   110 | D        | Reached skill level 5 in Fighting
   110 | D        | Reached skill level 5 in Dodging
   110 | D        | Reached skill level 6 in Unarmed Combat
   110 | D        | Reached XP level 5. HP: 56/59 MP: 4/4
   111 | D        | Killed Terence
   112 | D        | Reached skill level 7 in Unarmed Combat
   115 | D        | Reached **** piety under Trog
   166 | D        | Noticed Grinder
   178 | D        | Paralysed by Grinder for 5 turns
   185 | D        | Killed Grinder
   186 | D        | Reached skill level 8 in Unarmed Combat
   186 | D        | Reached XP level 6. HP: 66/71 MP: 5/5
   194 | D        | Reached skill level 9 in Unarmed Combat
   203 | D        | Reached XP level 7. HP: 79/79 MP: 6/6
   209 | D        | Reached ***** piety under Trog
   218 | D        | Received a gift from Trog
   221 | D        | Noticed a guardian serpent
   223 | D        | Killed a guardian serpent
   224 | D        | Reached skill level 10 in Unarmed Combat
   246 | D        | Noticed Menkaure
   249 | D        | Reached XP level 8. HP: 81/92 MP: 7/7
   249 | D        | Killed Menkaure
   251 | D        | Paralysed by a floating eye for 2 turns
   257 | D        | Reached skill level 11 in Unarmed Combat
   282 | D        | Noticed a boulder beetle
   282 | D        | Noticed a snapping turtle
   305 | D        | HP: 3/138 [snapping turtle (7)]
   306 | D        | Killed a snapping turtle
   386 | D        | HP: 6/139 [boulder beetle (18)]
   389 | D        | Killed a boulder beetle
   389 | D        | Received a gift from Trog
   390 | D        | Reached skill level 10 in Fighting
   390 | D        | Reached skill level 10 in Dodging
   390 | D        | Reached skill level 12 in Unarmed Combat
   390 | D        | Reached XP level 9. HP: 5/102 MP: 8/8
   390 | D        | HP: 2/153 [something (3)]
   390 | D        | Slain by a sky beast

Illustrated notes

Levels and vault maps discovered:
D:        pitsprint [storerooms_1, entrance_room_1, metal_vault_4, armoury_2,
          mini_pit_1, grid_room_1, main_hall_1, silver_pit, the_coven_2,
          the_vestibule_1, steel_vault_2, golden_pit, hallway_of_sentries,
          crystal_vault_4, iron_vault_3, final_vault]

Skill      XL: |  1  2  3  4  5  6  7  8 |
---------------+-------------------------+-----
Fighting       | 4 5 7 9 10 | 10.4
Dodging        | 4 5 7 8 10 | 10.2
Unarmed Combat | 5 6 8 9 10 12 | 12.1

Action                     |  1- 3 |  4- 6 |  7- 9 || total
---------------------------+-------+-------+-------++-------
  Melee: Unarmed           |    13 |    22 |    39 ||    74
         Punch             |       |     2 |     5 ||     7
 Invoke: Berserk           |       |       |     2 ||     2
    Use: Potion            |       |       |     3 ||     3
   Stab: Sleeping          |       |     1 |       ||     1
 Armour: Animal skin       |    16 |    13 |    31 ||    60
  Dodge: Dodged            |     4 |    21 |    20 ||    45

Table legend: (Time is in decaauts)
 A = Elapsed time spent in this place.
 B = Non-inter-level travel time spent in this place.
 C = Inter-level travel time spent in this place.
 D = Time resting spent in this place.
 E = Time spent auto-exploring this place.
 F = Levels seen in this place.
 G = Mean time per level.
                   A        B        C        D        E       F      G
               +--------+--------+--------+--------+--------+-----+--------+
         Total |    398 |    398 |      0 |    126 |     75 |   1 |  398.0 |
       Dungeon |    398 |    398 |      0 |    126 |     75 |   1 |  398.0 |
               +--------+--------+--------+--------+--------+-----+--------+

Top non-repeatable levels by time:
       D: 398 daAuts
